 Dungeon Crawl Stone Soup version 0.31-a0-236-g9a0961fb85 (webtiles) character file.

Game seed: 6516165112885988271

10024 toffzen the Cleaver (level 11, -6/151 HPs)
             Began as a Minotaur Berserker on July 10, 2023.
             Was an Elder of Trog.
             Mangled by a cane toad (7 damage)
             ... on level 1 of the Lair of Beasts.
             The game lasted 00:15:35 (10442 turns).

toffzen the Cleaver (Minotaur Berserker)           Turns: 10442, Time: 00:15:35

Health: -6/151     AC: 17    Str: 26    XL:     11   Next: 30%
Magic:  10/10      EV: 12    Int:  8    God:    Trog [****..]
Gold:   632        SH:  0    Dex: 19    Spells: 10/10 levels left

rFire   . . .        h - +3 dagger (elec)
rCold   . . .        (no shield)
rNeg    + . .        f - +0 plate armour
rPois   .            (helmet restricted)
rElec   .            (no cloak)
rCorr   .            w - +0 pair of gloves
SInv    +            u - +0 pair of boots
Will    .....        H - amulet of the acrobat Stlth
                     l - +6 ring of dexterity
HPRegen 0.45/turn    x - ring of Awydoix {rN+ Str+3 Int+4 SInv}
MPRegen 0.12/turn

%: acrobat
@: berserking, lethally poisoned (-6 -> -15), very quick
A: horns 2, retaliatory headbutt
a: Renounce Religion, Berserk, Trog's Hand, Brothers in Arms


You were on level 1 of the Lair of Beasts.
You worshipped Trog.
Trog was greatly pleased with you.
You visited 2 branches of the dungeon, and saw 11 of its levels.

You collected 672 gold pieces.
You spent 40 gold pieces at shops.

Inventory:

Hand Weapons
 a - a +0 hand axe
 h - a +3 dagger of electrocution (weapon)
 B - a +0 battleaxe
Missiles
 d - 98 stones
 G - 2 throwing nets
Armour
 b - a +0 animal skin
 f - a +0 plate armour (worn)
 j - the +0 chain mail "Hero's Friend" {*Corrode rC+ rN+++ Dex+2}
   (You found it on level 2 of the Dungeon)

   Dex:       It affects your dexterity (+2).
   rC:        It protects you from cold.
   rN:        It renders you almost immune to negative energy.
   *Corrode:  It may corrode you when you take damage.
 m - a +1 chain mail
 u - a +0 pair of boots (worn)
 w - a +0 pair of gloves (worn)
Jewellery
 l - a +6 ring of dexterity (left hand)
 x - the ring of Awydoix (right hand) {rN+ Str+3 Int+4 SInv}
   (You found it on level 4 of the Dungeon)

   [ring of see invisible]

   Str:       It affects your strength (+3).
   Int:       It affects your intelligence (+4).
   rN:        It protects you from negative energy.
   SInv:      It lets you see invisible.
 D - a ring of poison resistance
 H - an amulet of the acrobat (around neck)
Wands
 c - a wand of flame (30)
 q - a wand of roots (28)
Scrolls
 e - 3 scrolls of enchant armour
 g - 2 scrolls of fear
 n - 4 scrolls of noise
 r - a scroll of silence
 s - 5 scrolls of revelation
 y - a scroll of torment
 C - a scroll of enchant weapon
 F - a scroll of blinking
Potions
 i - 3 potions of haste
 k - 7 potions of curing
 o - 3 potions of lignification
 p - 2 potions of enlightenment
 t - a potion of cancellation {unknown}
 v - 4 potions of magic
 z - 3 potions of might
 A - 2 potions of attraction {unknown}
 E - a potion of heal wounds {unknown}


   Skills:
 + Level 10.3 Fighting
 * Level 13.8 Axes
 + Level 9.9 Armour
 + Level 9.1 Dodging


You had 10 spell levels left.
You didn't know any spells.
Your spell library was empty.

Dungeon Overview and Level Annotations

Branches:
Dungeon (10/15)            Temple (0/1) D:7            Lair (1/5) D:9
    Orc: D:9-12

Altars:
Ashenzari
Gozag
Kikubaaqudgha
Makhleb
Nemelex Xobeh
Qazlal
Ru
Uskayaw
Vehumet
Yredelemnul
Zin

Shops:
D:9 !

Annotations:
D:4 3 runed translucent doors, hackum's ghost, amateur MfGl
D:7 exclusion: ice statue
D:8 2 runed translucent doors, 1 exclusion
D:10 exclusion: statue


Innate Abilities, Weirdness & Mutations

You have a pair of horns on your head.
You reflexively headbutt those who attack you in melee.


Message History

You hit the cane toad. You headbutt the cane toad.
The cane toad is moderately wounded.
You feel very sick. The black mamba bites you!
The black mamba bites you but does no damage.
The cane toad stings you but does no damage.
A red film seems to cover your vision as you go berserk!
You feel yourself moving faster!
You feel mighty!
You feel sick. The black mamba bites you!
* * * LOW HITPOINT WARNING * * *
The black mamba barely misses you. You furiously retaliate!
You headbutt the black mamba! The cane toad barely misses you.
You hit the cane toad.
The cane toad is moderately wounded.
You feel sick. The black mamba bites you!
* * * LOW HITPOINT WARNING * * *
You are more poisoned.
The black mamba poisons you!
The cane toad stings you but does no damage.
You hit the cane toad but do no damage.
The cane toad is moderately wounded.
You feel very sick. The black mamba barely misses you. You furiously retaliate!
You headbutt the black mamba! The cane toad closely misses you.
You closely miss the black mamba. You headbutt the black mamba!
You kill the black mamba!
Trog accepts your kill.
You feel very sick. The cane toad stings you!
* * * LOW HITPOINT WARNING * * *
You closely miss the cane toad.
You headbutt the cane toad, but do no damage.
The cane toad is moderately wounded.
* * * LOW HITPOINT WARNING * * *
You feel very sick.
You hit the cane toad. You headbutt the cane toad.
The cane toad is heavily wounded.
* * * LOW HITPOINT WARNING * * *
You feel sick. The cane toad stings you!
You die...

### ### #
####.########.#######.##
......................?.
#######.................
##..#######........
#...## #.@†......
#######...## ##F.......
.##.###..#.#.###........
.......:................
.........#.###....##.##.
.........+... ..... ..#
.....†............. .#
.........#.......... .
#######..#.....


You could see a cane toad.

Vanquished Creatures
  Harold (D:10)
  Erica (D:9)
  A two-headed ogre (D:6)
  Pikel (D:3)
  A black mamba (Lair:1)
  A gargoyle (D:9)
  A komodo dragon (D:9)
  A troll (D:8)
  A hornet (D:9)
  11 yaks (D:10)
  A wraith (D:8)
  3 wyverns
  A vampire (D:9)
  A steam dragon (D:7)
  2 vampire mosquitoes (D:9)
  2 water moccasins
  3 sky beasts
  2 orc warriors (D:8)
  5 ice beasts
  6 centaurs
  3 lemures
  A phantom (D:4)
  2 kobold brigands
  2 bullfrogs (D:7)
  A gnoll sergeant (D:9)
  12 wights
  3 killer bees
  2 howler monkeys
  A crimson imp (D:9)
  2 hounds
  4 jellies
  4 orc priests
  A gnoll bouda (D:7)
  2 sleepcaps
  4 iguanas
  Ijyb (D:5)
  Natasha (D:2)
  9 orc wizards
  3 adders
  7 gnolls
  2 shadow imps
  2 white imps
  2 ufetubi
  2 adder zombies (D:4)
  4 worms
  4 dart slugs
  27 orcs
  6 ball pythons
  8 endoplasms
  6 giant cockroaches
  12 goblins
  7 hobgoblins
  6 jackals
  3 quokkas
  7 bats
  3 frilled lizards
  A goblin zombie (D:4)
  12 kobolds
  A quokka zombie (D:4)
  4 rats
230 creatures vanquished.

Vanquished Creatures (others)
  An orc wizard (D:8)
1 creature vanquished.

Grand Total: 231 creatures vanquished

Notes
Turn   | Place    | Note
-------+----------+-------------------------------------------
     0 | D:1      | toffzen the Minotaur Berserker began the quest for the Orb.
     0 | D:1      | Reached XP level 1. HP: 19/19 MP: 0/0
   301 | D:1      | Reached XP level 2. HP: 27/27 MP: 1/1
   362 | D:1      | Reached skill level 4 in Axes
   830 | D:1      | Found a faded altar of an unknown god.
  1003 | D:2      | Reached XP level 3. HP: 33/33 MP: 2/2
  1208 | D:2      | Identified the +0 chain mail "Hero's Friend" {*Corrode rC+
                  | rN+++ Dex+2}
  1349 | D:2      | Reached ** piety under Trog
  1539 | D:2      | Noticed Natasha
  1551 | D:2      | Killed Natasha
  1552 | D:2      | Reached XP level 4. HP: 39/40 MP: 3/3
  2055 | D:3      | Reached skill level 5 in Axes
  2178 | D:4      | Noticed an ice beast
  2187 | D:4      | Killed an ice beast
  2188 | D:4      | Reached XP level 5. HP: 47/47 MP: 4/4
  2246 | D:4      | Noticed a lemure
  2246 | D:4      | Noticed a lemure
  2246 | D:4      | Noticed Pikel
  2286 | D:3      | Killed a lemure
  2342 | D:3      | Killed a lemure
  2383 | D:4      | Noticed a lemure
  2389 | D:4      | Killed a lemure
  2397 | D:3      | Killed Pikel
  2398 | D:3      | Reached skill level 5 in Fighting
  2398 | D:3      | Reached skill level 7 in Axes
  2398 | D:3      | Reached XP level 6. HP: 12/56 MP: 5/5
  2398 | D:3      | Reached XP level 7. HP: 13/61 MP: 6/6
  2983 | D:4      | Reached skill level 5 in Armour
  3253 | D:4      | Found a runed translucent gate.
  3253 | D:4      | Found a runed translucent gate.
  3253 | D:4      | Found a runed translucent gate.
  3253 | D:4      | Noticed hackum's ghost (amateur MfGl)
  3259 | D:4      | Found a basalt altar of Yredelemnul.
  3633 | D:4      | Found a sparkling altar of Nemelex Xobeh.
  3634 | D:4      | Found an opulent altar of Gozag.
  3643 | D:4      | Identified the ring of Awydoix {rN+ Str+3 Int+4 SInv}
  3700 | D:5      | Entered Level 5 of the Dungeon
  3702 | D:5      | Identified the +2 quarterstaff of Entrepreneurial Spirit
                  | {spect, *Noise rC+ Will+}
  3861 | D:5      | Found a stormy altar of Qazlal.
  4063 | D:5      | Reached skill level 8 in Axes
  4063 | D:5      | Reached skill level 5 in Dodging
  4063 | D:5      | Reached XP level 8. HP: 58/70 MP: 7/7
  4090 | D:5      | Noticed Ijyb
  4099 | D:5      | Killed Ijyb
  4972 | D:6      | Reached skill level 9 in Axes
  5372 | D:6      | Noticed a two-headed ogre
  5383 | D:6      | Killed a two-headed ogre
  5384 | D:6      | Reached skill level 10 in Axes
  5384 | D:6      | Reached XP level 9. HP: 62/79 MP: 8/8
  5972 | D:7      | Found a staircase to the Ecumenical Temple.
  5984 | D:7      | Reached *** piety under Trog
  6215 | D:7      | Reached skill level 11 in Axes
  6363 | D:7      | Found a glowing silver altar of Zin.
  6428 | D:7      | Noticed an ice statue
  7019 | D:8      | Reached XP level 10. HP: 90/90 MP: 9/9
  7064 | D:8      | Found a sacrificial altar of Ru.
  7095 | D:8      | Found a runed translucent door.
  7218 | D:8      | Found a runed translucent door.
  7243 | D:8      | Found an ancient bone altar of Kikubaaqudgha.
  7407 | D:8      | Noticed a catoblepas
  7730 | D:9      | Reached **** piety under Trog
  8124 | D:9      | Reached skill level 12 in Axes
  8793 | D:9      | Found a staircase to the Lair.
  8798 | D:9      | Noticed Erica
  8851 | D:9      | Found a broken altar of Ashenzari.
  9031 | D:9      | Killed Erica
  9203 | D:9      | Found Fuanniju's Distillery.
  9212 | D:9      | Bought a potion of might for 40 gold pieces
  9244 | D:10     | Entered Level 10 of the Dungeon
  9244 | D:10     | Noticed a gargoyle
  9251 | D:9      | Killed a gargoyle
  9423 | D:10     | Reached skill level 13 in Axes
  9553 | D:10     | Found a radiant altar of Vehumet.
  9564 | D:10     | Noticed Harold
  9579 | D:10     | Killed Harold
  9580 | D:10     | Reached XP level 11. HP: 79/99 MP: 10/10
  9711 | D:10     | Reached skill level 10 in Fighting
  9767 | D:10     | Found a burning altar of Makhleb.
 10214 | D:10     | Found a hide-covered altar of Uskayaw.
 10369 | Lair:1   | Entered Level 1 of the Lair of Beasts
 10371 | Lair:1   | Identified the +1 chain mail "Lieh" {-Cast Harm rPois}
 10440 | Lair:1   | HP: 6/150 [cane toad (17)]
 10442 | Lair:1   | HP: 1/151 [poisoned by a black mamba]
 10442 | Lair:1   | Mangled by a cane toad

Illustrated notes

Levels and vault maps discovered:
D:1:      dpeg_arrival_tiny_h, layout_loops_corners,
          shapermc_ecumenical_altar_hornbeckon, minmay_3d_cube
D:2:      layout_rooms, hangedman_abyss_or_decor_lesser_grid, uniq_natasha
D:3:      layout_rooms, chequers_serial_rivers_marsh,
          chequers_serial_rivers_micro_b
D:4:      layout_loops_corners, nicolae_yredelemnul_ghost_church,
          grunt_temple_overflow_opulence, enter_ossuary_4, minmay_pentangle,
          uniq_pikel
D:5:      layout_loops_ring, mainiacjoe_overflow_small_starburst, fountainhead,
          dk_noncrumbling_2, nicolae_zen_rock_garden,
          minmay_misc_feat_more_columns, uniq_ijyb
D:6:      layout_basic
D:7:      lemuel_ice_statue, layout_basic, tgw_sif, zin_treasury,
          minmay_temple_entry_statues_fountains, minmay_circle_x
D:8:      cheibrodos_histonic, layout_rooms, lemuel_tele_altar,
          kiku_gazebo_garden_becter
D:9:      layout_rooms, kennysheep_mini_moat, david_lair_shrubbed, serial_shops,
          nicolae_lakefront_shop, enter_bailey_3, minmay_fire_ice_demons,
          uniq_erica
D:10:     layout_long_grid, bloody_makhleb, vehumet_statue, kennysheep_mini,
          uniq_harold
Lair:1:   layout_chaotic_city

Skill      XL: |  1  2  3  4  5  6  7  8  9 10 11 |
---------------+----------------------------------+-----
Axes           | 4 5 7 8 10 11 13 | 13.8
Fighting       | 4 5 6 7 8 9 10 | 10.3
Armour         | 3 4 5 7 8 9 |  9.9
Dodging        | 3 4 5 6 7 8 9 |  9.1

Action                     |  1- 3 |  4- 6 |  7- 9 | 10-12 || total
---------------------------+-------+-------+-------+-------++-------
  Melee: Hand axe          |    39 |       |       |       ||    39
         Headbutt          |     9 |     5 |    68 |    76 ||   158
         Dagger            |    45 |    54 |   338 |   258 ||   695
         Punch             |     1 |     1 |     3 |     3 ||     8
 Invoke: Berserk           |     1 |     4 |     3 |     4 ||    12
         Trog's Hand       |     1 |       |     2 |     3 ||     6
    Use: Scroll            |       |       |    16 |     6 ||    22
         Potion            |       |       |       |     1 ||     1
   Stab: Sleeping          |     2 |       |       |       ||     2
 Armour: Animal skin       |    10 |       |       |       ||    10
         Chain mail        |    17 |    16 |    24 |       ||    57
         Plate armour      |       |       |   188 |   145 ||   333
  Dodge: Dodged            |    55 |    27 |   221 |   215 ||   518

Table legend: (Time is in decaauts)
 A = Elapsed time spent in this place.
 B = Non-inter-level travel time spent in this place.
 C = Inter-level travel time spent in this place.
 D = Time resting spent in this place.
 E = Time spent auto-exploring this place.
 F = Levels seen in this place.
 G = Mean time per level.
                   A        B        C        D        E       F      G
               +--------+--------+--------+--------+--------+-----+--------+
         Total |  10582 |  10259 |    323 |   2399 |   5762 |  11 |  962.0 |
       Dungeon |  10510 |  10187 |    323 |   2399 |   5716 |  10 | 1051.0 |
          Lair |     71 |     71 |      0 |      0 |     46 |   1 |   71.0 |
               +--------+--------+--------+--------+--------+-----+--------+

Top non-repeatable levels by time:
     D:9: 1701 daAuts
     D:4: 1476 daAuts
     D:7: 1275 daAuts
     D:1: 1080 daAuts
     D:6: 972 daAuts
    D:10: 927 daAuts
     D:8: 882 daAuts
     D:3: 825 daAuts
     D:5: 814 daAuts
     D:2: 554 daAuts
  Lair:1: 71 daAuts
